 Dungeon Crawl Stone Soup version 0.17-a0-964-gd3d8594 (webtiles) character file.

8337 bg23507 the Cleaver (level 11, -7/89 HPs)
             Began as a Minotaur Berserker on May 9, 2015.
             Was a High Priest of Trog.
             Mangled by an orc warrior
             ... wielding a +0 trident
              (9 damage)
             ... on level 1 of the Orcish Mines.
             The game lasted 00:54:39 (10025 turns).

bg23507 the Cleaver (Minotaur Berserker)           Turns: 10025, Time: 00:54:39

Health: -7/89      AC: 20    Str: 23    XL:     11   Next: 8%
Magic:  1/1        EV: 10    Int:  8    God:    Trog [*****.]
Gold:   755        SH:  0    Dex: 10    Spells: 0 memorised, 10 levels left

rFire  . . .     SeeInvis .     i - +9 battleaxe "Qeygem" {chop, rElec rN+ MP-9 Int+4}
rCold  . . .     Clarity  +     E - +4 plate armour
rNeg   + . .     SustAb   +     (no shield)
rPois  .         Gourm    .     (helmet restricted)
rElec  +         Spirit   .     (no cloak)
rCorr  .         Warding  .     w - +0 pair of gloves
rMut   .         Stasis   .     (no boots)
MR     +....                    z - amulet of clarity
Stlth  ..........               x - ring of sustain abilities
                                d - ring of protection from magic

@: exhausted, slowed, very slow, somewhat resistant to hostile enchantments,
extremely unstealthy
A: retaliatory headbutt, horns 2, frail 1, weak 1
a: Burn Spellbooks, Berserk, Trog's Hand, Brothers in Arms, Renounce Religion


You were on level 1 of the Orcish Mines.
You worshipped Trog.
Trog was extremely pleased with you.
You were not hungry.

You visited 2 branches of the dungeon, and saw 11 of its levels.

You collected 755 gold pieces.

Inventory:

Hand weapons
 i - the +9 battleaxe "Qeygem" (weapon) {chop, rElec rN+ MP-9 Int+4}
   (Trog gifted it to you on level 9 of the Dungeon)

   It inflicts extra damage upon your enemies.
   It affects your intelligence (+4).
   It insulates you from electricity.
   It protects you from negative energy.
   It affects your magic capacity (-9).
 m - a +3 battleaxe of draining
 s - a +5 hand axe
Missiles
 B - 8 exploding tomahawks (quivered)
Armour
 w - a +0 pair of gloves (worn)
 E - a +4 plate armour (worn)
Jewellery
 d - a ring of protection from magic (left hand)
 n - an uncursed ring of magical power
 t - an uncursed ring of see invisible
 x - a ring of sustain abilities (right hand)
 z - an amulet of clarity (around neck)
 L - an uncursed amulet of the gourmand
Magical devices
 h - a wand of digging (9)
 F - a wand of disintegration (5)
 J - a wand of cold (12)
 K - a wand of flame (23)
Scrolls
 g - 7 scrolls of remove curse
 l - 10 scrolls of teleportation
 v - a scroll of blinking
 y - 2 scrolls of recharging
 A - a scroll of fear
 G - a scroll of fog
 H - a scroll of summoning
Potions
 a - 2 potions of agility
 e - 2 potions of invisibility
 f - 2 potions of curing
 j - 2 potions of magic
 o - a potion of beneficial mutation
 p - a potion of lignification
 q - a potion of cancellation
 r - a potion of ambrosia
 u - a potion of berserk rage
 C - a potion of poison
 D - a potion of resistance
Comestibles
 b - 3 meat rations
 c - a bread ration
 k - 7 fruits
 I - 9 royal jellies


   Skills:
 + Level 9.9 Fighting
 + Level 11.9 Axes
 + Level 0.4 Throwing
 + Level 11.0 Armour
 + Level 8.0 Dodging
 + Level 2.7 Stealth


You had 10 spell levels left.
You didn't know any spells.

Dungeon Overview and Level Annotations

Branches:
Dungeon (10/15)            Temple (0/1) D:4             Orc (1/4) D:10
   Lair: D:8-11

Altars:
Cheibriados
Dithmenos
Fedhas
Okawaru
Ru
Sif Muna
Trog
Xom
Yredelemnul
Beogh

Shops:
D:8 (


Innate Abilities, Weirdness & Mutations

You reflexively headbutt those who attack you in melee.
You have a pair of horns on your head.
You are frail (-10% HP).
You are weak. (Str -2)


Message History

The orc warrior hits you from afar with a trident.
* * * LOW HITPOINT WARNING * * *
You slice the orc warrior!!
You kill the orc warrior!
Trog accepts your kill.
The orc warrior hits you from afar with a trident!
* * * LOW HITPOINT WARNING * * *
You feel a strong urge to attack something.
The orc warrior closely misses you.
You are too berserk!
You feel your anger subside.
You are no longer berserk.
You are exhausted.
You feel yourself slow down. The orc warrior closely misses you.
The orc warrior hits you but does no damage.
The orc warrior barely misses you. x2
The orc warrior hits you from afar with a trident!
* * * LOW HITPOINT WARNING * * *
The orc warrior hits you from afar with a trident!
You die...

..# # ..# .#..
...# ....###
...#
$...#.###...#
#.....o..
#...)))#
####.)@###
#.#...(.>#
###..))##..###
##..)).####...#
#....(.###...$#
###..<).###..##
#.(...##...#
##.#..#....#
###.[...###


You could see an orc warrior.

Vanquished Creatures
  Urug (Orc:1)
  A hill giant (D:10)
  The ghost of agentgt the Slicer, an experienced HECK of Dithmenos (D:9)
  Psyche (D:8)
  A freezing wraith (D:10)
  The ghost of Bigslacks the Cudgeler, an average OgFi (D:3)
  A wyvern (D:8)
  2 deep elf magi (D:9)
  3 yaks (D:9)
  5 ice beasts
  2 sky beasts
  9 orc warriors
  3 wasps
  2 eyes of draining
  3 phantoms
  A spider (D:9)
  5 centaurs
  6 ogres
  3 giant frogs
  Blork the orc (Orc:1)
  The ghost of digdugdiggy the Vandal, an average SpCj (D:4)
  A water moccasin skeleton (D:4)
  3 killer bees (D:8)
  5 scorpions
  2 jellies
  4 crimson imps
  5 orc wizards
  2 hounds
  A giant frog skeleton (D:10)
  7 orc priests
  16 worker ants
  A hound zombie (D:5)
  2 hound skeletons
  A worker ant zombie (D:6)
  7 gnolls
  12 adders
  2 shadow imps
  3 oozes
  4 worms
  An adder skeleton (D:6)
  38 orcs
  17 bats
  16 goblins
  10 hobgoblins
  18 jackals
  9 kobolds
  8 quokkas
  4 giant cockroaches
  6 giant geckos
  A giant newt (D:2)
  15 rats
274 creatures vanquished.

Vanquished Creatures (others)
  A hound (D:8)
1 creature vanquished.

Grand Total: 275 creatures vanquished

Notes
Turn   | Place    | Note
--------------------------------------------------------------
     0 | D:1      | bg23507, the Minotaur Berserker, began the quest for the Orb.
     0 | D:1      | Reached XP level 1. HP: 19/19 MP: 0/0
   239 | D:1      | Reached XP level 2. HP: 27/27 MP: 1/1
   407 | D:1      | You fall through a shaft!
   412 | D:2      | Reached skill level 4 in Axes
   627 | D:2      | Acquired Trog's second power
   713 | D:2      | Reached XP level 3. HP: 33/33 MP: 2/2
  1416 | D:3      | Reached XP level 4. HP: 40/40 MP: 3/3
  1574 | D:3      | Found a bloodstained altar of Trog.
  1664 | D:3      | Noticed Bigslacks's ghost (average OgFi)
  1681 | D:3      | Killed Bigslacks's ghost
  1681 | D:3      | Reached skill level 1 in Stealth
  1681 | D:3      | Reached XP level 5. HP: 18/47 MP: 4/4
  2116 | D:3      | Reached skill level 5 in Axes
  2116 | D:3      | Reached XP level 6. HP: 29/55 MP: 5/5
  2802 | D:4      | Reached skill level 5 in Dodging
  2877 | D:4      | Noticed digdugdiggy's ghost (average SpCj)
  2883 | D:4      | Killed digdugdiggy's ghost
  2883 | D:4      | Reached skill level 5 in Fighting
  3134 | D:4      | Found a staircase to the Ecumenical Temple.
  3509 | D:4      | Found an iron altar of Okawaru.
  3513 | D:4      | Reached XP level 7. HP: 54/61 MP: 6/6
  3573 | D:4      | Found a blossoming altar of Fedhas.
  3639 | D:4      | Found a runed door.
  3649 | D:4      | Reached skill level 6 in Dodging
  3777 | D:5      | Entered Level 5 of the Dungeon
  4191 | D:5      | Reached XP level 8. HP: 56/70 MP: 7/7
  4277 | D:5      | Found a snail-covered altar of Cheibriados.
  4303 | D:5      | Reached skill level 7 in Dodging
  4747 | D:5      | Got a brightly glowing short sword
  5280 | D:6      | Identified the cursed +3 short sword of the Hidden Suns {flame, rC+} (You found it on level 5 of the Dungeon)
  5406 | D:6      | Acquired Trog's third power
  5432 | D:6      | Reached skill level 5 in Armour
  5569 | D:6      | Found a basalt altar of Yredelemnul.
  5736 | D:6      | Found a shimmering altar of Xom.
  6440 | D:7      | Found a shadowy altar of Dithmenos.
  6469 | D:7      | Gained mutation: Your flesh is heat resistant. [potion of beneficial mutation]
  6515 | D:7      | Reached XP level 9. HP: 75/79 MP: 8/8
  6525 | D:7      | Reached skill level 8 in Axes
  6931 | D:7      | Found a sacrificial altar of Ru.
  7441 | D:8      | Noticed Psyche
  7456 | D:8      | Killed Psyche
  7456 | D:8      | Reached skill level 9 in Axes
  7834 | D:8      | Found Acaacri's Antique Weapon Emporium.
  8020 | D:8      | Found a deep blue altar of Sif Muna.
  8177 | D:8      | Lost mutation: Your flesh is heat resistant. [potion of mutation]
  8177 | D:8      | Gained mutation: You are frail (-10% HP). [potion of mutation]
  8177 | D:8      | Gained mutation: You are weak. (Str -2) [potion of mutation]
  8309 | D:9      | Reached XP level 10. HP: 81/81 MP: 9/9
  8578 | D:9      | Reached skill level 10 in Axes
  8583 | D:9      | Received a gift from Trog
  8586 | D:9      | Got a twisted battleaxe {god gift}
  8587 | D:9      | Identified the +9 battleaxe "Qeygem" {chop, rElec rN+ MP-9 Int+4} (Trog gifted it to you on level 9 of the Dungeon)
  9297 | D:9      | Noticed agentgt's ghost (experienced HECK)
  9308 | D:9      | Killed agentgt's ghost
  9308 | D:9      | Reached skill level 10 in Armour
  9455 | D:10     | Entered Level 10 of the Dungeon
  9479 | D:10     | Reached skill level 11 in Axes
  9537 | D:10     | Noticed a hill giant
  9543 | D:10     | Killed a hill giant
  9809 | D:10     | Found a staircase to the Orcish Mines.
  9877 | D:10     | Found a roughly hewn altar of Beogh.
  9905 | Orc:1    | Entered Level 1 of the Orcish Mines
  9933 | Orc:1    | Noticed Blork the orc
  9991 | Orc:1    | Killed Blork the orc
  9991 | Orc:1    | Received a gift from Trog
  9995 | Orc:1    | Noticed Urug
 10015 | Orc:1    | Killed Urug
 10015 | Orc:1    | Reached XP level 11. HP: 24/89 MP: 1/10
 10024 | Orc:1    | HP: 1/89 [orc warrior/trident (9)]
 10025 | Orc:1    | Mangled by an orc warrior

Action                   |  1- 3 |  4- 6 |  7- 9 | 10-12 || total
-------------------------+-------+-------+-------+-------++-------
Melee: Hand axe          |    66 |    95 |   349 |    21 ||   531
       Battleaxe         |       |       |       |   129 ||   129
Throw: Tomahawk          |       |       |       |     2 ||     2
Invok: Berserk           |       |     1 |     4 |     1 ||     6
       Burn Spellbooks   |       |     1 |       |     3 ||     4
  Use: Potion            |       |     3 |    11 |     2 ||    16
       Scroll            |       |    13 |    12 |     5 ||    30
  Eat: Bread ration      |     1 |       |     3 |     1 ||     5
       Beef jerky        |     1 |       |     2 |       ||     3
       Royal jelly       |       |     1 |     1 |       ||     2
       Fruit             |       |       |     3 |     1 ||     4
       Meat ration       |       |       |       |     1 ||     1
